 Dungeon Crawl Stone Soup version 0.21.1-1-g345015f (webtiles) character file.

9498 lyrx the Destroyer (level 11, -1/61 HPs)
             Began as a Demonspawn Conjurer on Apr 2, 2018.
             Was a Priest of Vehumet.
             Killed by divine providence
             ... invoked by an orc priest
              (9 damage)
             ... on level 1 of the Orcish Mines.
             The game lasted 01:16:02 (11683 turns).

lyrx the Destroyer (Demonspawn Conjurer)           Turns: 11683, Time: 01:16:02

Health: -1/61      AC:  5    Str:  8    XL:     11   Next: 23%
Magic:  43/46      EV: 14    Int: 26    God:    Vehumet [***...]
Gold:   557        SH:  0    Dex: 13    Spells: 14/25 levels left

rFire    . . .     SeeInvis .   u - staff of power
rCold    . . .     Gourm    +   (no shield)
rNeg     . . .     Faith    .   i - +0 robe (curse)
rPois    .         Spirit   .   t - +0 hat
rElec    .         Reflect  .   (no cloak)
rCorr    .         Harm     .   Q - +2 pair of gloves
MR       .....                  (no boots)
Stlth    ++........             g - amulet of the gourmand
HPRegen  1.20/turn              I - +5 ring of intelligence
MPRegen  0.30/turn              x - ring of magical power

@: very slightly contaminated
A: talons 1, frail 1, powered by death 1, wild magic 1, rot immunity, sturdy
frame 1
a: Renounce Religion


You were on level 1 of the Orcish Mines.
You worshipped Vehumet.
Vehumet was most pleased with you.
You were not hungry.

You visited 3 branches of the dungeon, and saw 12 of its levels.

You collected 557 gold pieces.

Inventory:

Hand Weapons
 l - a +1 dagger of electrocution
Missiles
 j - 11 poisoned needles
 E - 3 needles of sleeping
 H - 2 curare-tipped needles
Armour
 a - a +1 robe
 i - a cursed +0 robe (worn)
 n - a +0 robe of magic resistance
 t - a +0 hat (worn)
 P - a +0 buckler
 Q - a +2 pair of gloves (worn)
 V - a +2 robe of cold resistance
Magical Staves
 u - an uncursed staff of power (weapon)
 G - an uncursed staff of fire
Jewellery
 g - an amulet of the gourmand (around neck)
 h - an uncursed ring of stealth
 r - a +1 ring of evasion
 x - a ring of magical power (right hand)
 z - an uncursed ring of resist corrosion
 D - an uncursed ring of flight
 I - a +5 ring of intelligence (left hand)
 J - a +2 amulet of reflection
Wands
 y - a wand of iceblast (10)
 O - a wand of acid (22)
 R - a wand of random effects (33)
Scrolls
 d - 3 scrolls of teleportation
 e - 6 scrolls of remove curse
 f - 5 scrolls of magic mapping
 k - 2 scrolls of identify
 w - 2 scrolls of fear
 U - a scroll of amnesia {unknown}
Potions
 o - 2 potions of magic
 p - 4 potions of agility
 q - 3 potions of might
 s - 4 potions of curing
 v - a potion of invisibility
 K - a potion of resistance
 L - 2 potions of haste
 N - 2 potions of brilliance
 S - a potion of flight {unknown}
 T - a potion of cancellation {unknown}
Books
 b - a book of Conjurations

   Spells                             Type                      Level
   a - Magic Dart                     Conjuration                  1
   b - Searing Ray                    Conjuration                  2
   c - Dazzling Spray                 Conjuration/Hexes            3
   d - Fulminant Prism                Conjuration/Hexes            4
   e - Force Lance                    Conjuration/Translocation    4
   f - Iskenderun's Mystic Blast      Conjuration                  4
 A - a book of Minor Magic

   Spells                             Type                      Level
   a - Magic Dart                     Conjuration                  1
   b - Blink                          Translocation                2
   c - Call Imp                       Summoning                    2
   d - Slow                           Hexes                        2
   e - Conjure Flame                  Conjuration/Fire             3
   f - Mephitic Cloud                 Conjuration/Poison/Air       3
 B - a book of Maledictions

   Spells                             Type                      Level
   a - Corona                         Hexes                        1
   b - Ensorcelled Hibernation        Hexes/Ice                    2
   c - Confuse                        Hexes                        3
   d - Tukima's Dance                 Hexes                        3
   e - Dazzling Spray                 Conjuration/Hexes            3
 F - a book of Callings

   Spells                             Type                      Level
   a - Summon Small Mammal            Summoning                    1
   b - Call Imp                       Summoning                    2
   c - Call Canine Familiar           Summoning                    3
   d - Summon Guardian Golem          Hexes/Summoning              3
   e - Summon Lightning Spire         Summoning/Air                4
   f - Summon Ice Beast               Ice/Summoning                4
 M - a book of Clouds

   Spells                             Type                      Level
   a - Poisonous Vapours              Poison/Air                   2
   b - Mephitic Cloud                 Conjuration/Poison/Air       3
   c - Conjure Flame                  Conjuration/Fire             3
   d - Freezing Cloud                 Conjuration/Ice/Air          6
   e - Ring of Flames                 Charms/Fire                  7
Comestibles
 c - 24 rations


   Skills:
 - Level 1.0 Short Blades
 + Level 2.0 Staves
 + Level 4.4 Dodging
 - Level 2.0 Stealth
 * Level 2.9 Shields
 + Level 7.6 Spellcasting
 * Level 14.2 Conjurations


You had 14 spell levels left.
You knew the following spells:

 Your Spells              Type           Power        Failure   Level  Hunger
a - Magic Dart            Conj           ####         1%          1    None
b - Searing Ray           Conj           ######       1%          2    None
c - Iskenderun's Mystic   Conj           #######.     1%          4    ##.....
d - Force Lance           Conj/Tloc      ######..     1%          4    ##.....


Dungeon Overview and Level Annotations

Branches:
Dungeon (10/15)            Temple (1/1) D:7             Orc (1/2) D:10
   Lair: D:8-11

Altars:
Ashenzari
Cheibriados
Dithmenos
Elyvilon
Fedhas
Gozag
Hepliaklqana
Kikubaaqudgha
Makhleb
Nemelex Xobeh
Okawaru
Qazlal
Ru
Sif Muna
Trog
Uskayaw
Vehumet
Wu Jian
Xom
Yredelemnul
Zin
The Shining One

Annotations:
Orc:1 Snorg


Innate Abilities, Weirdness & Mutations

You have sharp toenails.
You regenerate a little health from kills.
You are immune to rotting.
Your movements are slightly less encumbered by armour. (ER -2)
You are frail. (-10% HP)
Your spells are a little harder to cast, but a little more powerful.


Message History

You feel your power returning.
The mystic blast hits the orc priest.
You kill the orc priest!
Vehumet accepts your kill.
You feel your power returning.
The mystic blast hits the orc.
You kill the orc!
Vehumet accepts your kill.
The mystic blast hits the orc priest.
The orc priest is moderately wounded.
The orc priest calls down the wrath of Beogh upon you.
Beogh smites you!
The orc priest hits you but does no damage.
The orc knight roars a battlecry!
The orc goes into a battle-frenzy!
Items here: )) [ † a dagger; a robe; a war axe; an orc corpse The orc warrior hits you with a dire flail!!
* * * LOW HITPOINT WARNING * * *
The orc priest calls down the wrath of Beogh upon you.
Beogh smites you!
You die...

...T.........#
...#.##
#$..........##......#
#)...........#.....$.
#((..#....o..#.......
##.##....o#O.$.......
##.#.T.....(.....$..
.......Ooo..>.#..
.......To)[[..#..
......#..@)....#
.......[..[.....#
.$........).....#
................#
..[#....#........
....$.......#....
................
#...... .......


You could see Snorg, an orc knight, a two-headed ogre, a troll, 3 orc warriors,
an ogre and an orc priest.

Vanquished Creatures
  A two-headed ogre (D:10)
  Urug (D:10)
  The ghost of Totori the Fighter, a novice DrFi of Ashenzari (D:6)
  Pikel (D:7)
  The ghost of shugdite the Slicer, a novice KoGl of Okawaru (D:10)
  An orc sorcerer (Orc:1)
  A freezing wraith (D:10)
  A hornet (D:10)
  Prince Ribbit (D:7)
  Grinder (D:3)
  The ghost of appiemonkey the Ruffian, an amateur TrMo (D:4)
  A vampire (D:10)
  A wraith (D:10)
  A yak (D:8)
  A human (D:8)
  3 hogs (D:8)
  2 hungry ghosts
  A steam dragon (D:8)
  Edmund (D:4)
  Duvessa (D:6)
  A sky beast (D:5)
  A swamp drake (D:10)
  5 orc warriors
  A necrophage (D:6)
  2 slaves (D:7)
  3 ice beasts
  4 centaurs
  2 ogres (D:7)
  2 big kobolds (D:3)
  2 bullfrogs
  Dowan (D:6)
  A wyvern zombie (D:9)
  4 electric eels (D:9)
  A bullfrog zombie (D:7)
  A crimson imp (D:7)
  A quasit (D:7)
  9 orc priests
  A bullfrog skeleton (D:5)
  2 centaur skeletons
  4 hounds
  5 jellies
  18 orc wizards
  Jessica (D:2)
  An iguana (D:6)
  6 worker ants
  A killer bee zombie (D:7)
  A hound zombie (D:7)
  A worker ant zombie (D:4)
  7 gnolls
  10 adders
  A shadow imp (D:8)
  An adder zombie (D:8)
  4 adder skeletons
  2 worms
  A dart slug (D:1)
  A leopard gecko (D:1)
  46 orcs
  6 giant cockroaches
  11 goblins
  9 hobgoblins
  11 jackals
  2 ball pythons
  10 bats
  A frilled lizard (D:3)
  A jackal skeleton (D:5)
  15 kobolds
  A leopard gecko skeleton (D:4)
  6 rats
251 creatures vanquished.

Vanquished Creatures (others)
  A slave (D:7)
  An adder (D:7)
  An orc (D:7)
3 creatures vanquished.

Grand Total: 254 creatures vanquished

Notes
Turn   | Place    | Note
-------+----------+-------------------------------------------
     0 | D:1      | lyrx the Demonspawn Conjurer began the quest for the Orb.
     0 | D:1      | Reached XP level 1. HP: 13/13 MP: 3/3
   332 | D:1      | Gained mutation: You regenerate a little health from kills. [demonic ancestry]
   332 | D:1      | Reached XP level 2. HP: 9/19 MP: 0/5
   565 | D:1      | Learned a level 2 spell: Searing Ray
  1414 | D:1      | Reached skill level 5 in Conjurations
  1570 | D:2      | Gained mutation: You have sharp toenails. [demonic ancestry]
  1570 | D:2      | Reached XP level 3. HP: 17/24 MP: 2/6
  1854 | D:2      | Noticed Jessica
  1877 | D:2      | Killed Jessica
  1877 | D:2      | Reached XP level 4. HP: 30/30 MP: 2/7
  1949 | D:2      | Gained mutation: Your spells are a little harder to cast, but a little more powerful. [potion of mutation]
  1949 | D:2      | Gained mutation: You are agile. (Dex +2) [potion of mutation]
  1949 | D:2      | Gained mutation: You have razor-sharp toenails. [potion of mutation]
  2041 | D:2      | Reached skill level 6 in Conjurations
  2528 | D:3      | Reached XP level 5. HP: 35/35 MP: 5/8
  2814 | D:3      | Reached skill level 7 in Conjurations
  2814 | D:3      | Reached XP level 6. HP: 41/41 MP: 5/9
  3121 | D:3      | Noticed Grinder
  3132 | D:3      | Killed Grinder
  3132 | D:3      | Reached skill level 1 in Short Blades
  3132 | D:3      | Reached skill level 8 in Conjurations
  3138 | D:3      | Learned a level 4 spell: Iskenderun's Mystic Blast
  3318 | D:3      | Reached XP level 7. HP: 46/46 MP: 6/10
  3951 | D:4      | Noticed Edmund
  4279 | D:4      | Noticed appiemonkey's ghost (amateur TrMo)
  4409 | D:4      | Killed appiemonkey's ghost
  4409 | D:4      | Reached skill level 9 in Conjurations
  4415 | D:4      | Learned a level 4 spell: Force Lance
  4888 | D:4      | Killed Edmund
  5053 | D:4      | Lost mutation: Your spells are a little harder to cast, but a little more powerful. [potion of mutation]
  5053 | D:4      | Lost mutation: You are agile. (Dex +2) [potion of mutation]
  5053 | D:4      | Lost mutation: You have razor-sharp toenails. [potion of mutation]
  5053 | D:4      | Gained mutation: You are frail. (-10% HP) [potion of mutation]
  5053 | D:4      | Gained mutation: Your spells are a little harder to cast, but a little more powerful. [potion of mutation]
  5235 | D:5      | Entered Level 5 of the Dungeon
  5251 | D:5      | Reached XP level 8. HP: 46/46 MP: 12/12
  5688 | D:5      | Found a hazy altar of Hepliaklqana.
  5807 | D:5      | Reached skill level 10 in Conjurations
  5996 | D:6      | Noticed Totori's ghost (novice DrFi)
  6194 | D:6      | Killed Totori's ghost
  6202 | D:6      | Reached skill level 11 in Conjurations
  6633 | D:6      | Gained mutation: You are immune to rotting. [demonic ancestry]
  6633 | D:6      | Reached XP level 9. HP: 51/51 MP: 15/15
  6654 | D:6      | Noticed Duvessa
  6692 | D:6      | Noticed Dowan
  6693 | D:6      | Killed Duvessa
  6696 | D:6      | Killed Dowan
  7036 | D:7      | Found a white marble altar of Elyvilon.
  7068 | D:7      | Found a staircase to the Ecumenical Temple.
  7139 | D:7      | Noticed Pikel
  7144 | D:7      | Killed Pikel
  7144 | D:7      | Reached skill level 5 in Spellcasting
  7155 | Temple   | Entered the Ecumenical Temple
  7329 | Temple   | Became a worshipper of Vehumet
  7394 | D:7      | Noticed Prince Ribbit
  7411 | D:7      | Killed Prince Ribbit
  7411 | D:7      | Reached skill level 12 in Conjurations
  8177 | D:8      | Reached * piety under Vehumet
  8177 | D:8      | Offered knowledge of Sting by Vehumet.
  8758 | D:8      | Found a glowing silver altar of Zin.
  8769 | D:8      | Reached XP level 10. HP: 56/56 MP: 19/19
  8868 | D:8      | Found a glowing golden altar of the Shining One.
  8883 | D:8      | Found a deep blue altar of Sif Muna.
  9099 | D:8      | Reached skill level 1 in Staves
  9113 | D:8      | Reached skill level 13 in Conjurations
  9538 | D:9      | Offered knowledge of Throw Frost by Vehumet.
  9693 | D:9      | Reached ** piety under Vehumet
 10105 | D:10     | Entered Level 10 of the Dungeon
 10394 | D:10     | Noticed Urug
 10402 | D:10     | Killed Urug
 10402 | D:10     | Reached skill level 1 in Shields
 10714 | D:10     | Found a hazy altar of Hepliaklqana.
 10718 | D:10     | Noticed a two-headed ogre
 10727 | D:10     | Killed a two-headed ogre
 10877 | D:10     | Noticed shugdite's ghost (novice KoGl)
 10957 | D:10     | Killed shugdite's ghost
 10957 | D:10     | Reached skill level 14 in Conjurations
 10957 | D:10     | Gained mutation: Your movements are slightly less encumbered by armour. (ER -2) [demonic ancestry]
 10957 | D:10     | Reached XP level 11. HP: 61/61 MP: 22/22
 11139 | D:10     | Found a staircase to the Orcish Mines.
 11156 | D:10     | Offered knowledge of Throw Flame by Vehumet.
 11574 | Orc:1    | Entered Level 1 of the Orcish Mines
 11574 | Orc:1    | Noticed an orc knight
 11574 | Orc:1    | Noticed an orc sorcerer
 11576 | Orc:1    | Killed an orc sorcerer
 11587 | D:10     | Reached *** piety under Vehumet
 11671 | Orc:1    | Noticed a two-headed ogre
 11674 | Orc:1    | Noticed Snorg
 11683 | Orc:1    | Killed from afar by an orc priest

Skill      XL: |  1  2  3  4  5  6  7  8  9 10 |
---------------+-------------------------------+-----
Conjurations   | 5 6 7 8 9 11 12 14 | 14.2
Short Blades   | 1 |  1.0
Dodging        | 2 3 4 |  4.4
Stealth        | 2 |  2.0
Spellcasting   | 3 4 6 7 |  7.6
Staves         | 2 |  2.0
Shields        | 2 |  2.9

Action                   |  1- 3 |  4- 6 |  7- 9 | 10-12 || total
-------------------------+-------+-------+-------+-------++-------
Melee: Unarmed           |     1 |       |       |       ||     1
       Short sword       |    26 |     9 |       |       ||    35
       Kick              |     3 |     1 |    17 |     2 ||    23
       Dagger            |       |     2 |    14 |       ||    16
       Staff             |       |       |    58 |    18 ||    76
 Cast: Magic Dart        |    40 |    50 |    78 |    42 ||   210
       Searing Ray       |     6 |    11 |    21 |    10 ||    48
       Iskenderun's Myst |       |       |    76 |   110 ||   186
  Use: Potion            |     1 |     1 |     1 |     1 ||     4
       Scroll            |       |    12 |     2 |     9 ||    23
 Stab: Sleeping          |       |       |     2 |       ||     2
  Eat: Chunk             |    11 |     9 |    30 |    12 ||    62
Armor: Robe              |     3 |    10 |    20 |    10 ||    43
       Skin              |    23 |       |       |       ||    23
Dodge: Dodged            |    17 |    13 |    77 |    37 ||   144
